 Dungeon Crawl Stone Soup version 0.18.1-8-gdd0e5ea (webtiles) character file.

2034 manyhoops the Basher (level 9, 0/151 HPs)
             Began as an Ogre Berserker on May 30, 2016.
             Was an Elder of Trog.
             Slain by a hound (3 damage)
             ... on level 7 of the Dungeon.
             The game lasted 00:10:24 (6396 turns).

manyhoops the Basher (Ogre Berserker)               Turns: 6396, Time: 00:10:25

Health: 0/151      AC:  4    Str: 36    XL:     9   Next: 24%
Magic:  9/9        EV: 10    Int:  6    God:    Trog [****..]
Gold:   323        SH:  3    Dex:  9    Spells: 0 memorised, 8 levels left

rFire  . . .     SeeInvis +     r - +0 flail
rCold  . . .     Gourm    .     b - +0 animal skin
rNeg   . . .     Faith    .     (no shield)
rPois  .         Spirit   .     (helmet restricted)
rElec  .         Dismiss  .     e - +0 cloak
rCorr  .         Reflect  +     (gloves unavailable)
SustAt .         Harm     .     (boots unavailable)
MR     .....     Clarity  +     p - +3 amulet of reflection
Stlth  ..........               (no ring)
                                (no ring)

@: berserking, very quick, not resistant to hostile enchantments, extremely
unstealthy
A: unfitting armour, see invisible, clarity, strong 2, tough skin 1
a: Berserk, Trog's Hand, Brothers in Arms, Burn Spellbooks, Renounce Religion


You were on level 7 of the Dungeon.
You worshipped Trog.
Trog was greatly pleased with you.
You were not hungry.

You visited 1 branch of the dungeon, and saw 7 of its levels.

You collected 323 gold pieces.

Inventory:

Hand Weapons
 a - a +0 mace
 r - a +0 flail (weapon)
 t - a +0 giant spiked club
Missiles
 w - 10 large rocks (quivered)
Armour
 b - a +0 animal skin (worn)
 e - a +0 cloak (worn)
Jewellery
 p - a +3 amulet of reflection (around neck)
Wands
 n - a wand of acid (8/15)
 s - a wand of polymorph (12/24)
 v - a wand of paralysis (24/24)
Scrolls
 d - 2 scrolls of immolation
 g - 3 scrolls of remove curse
 i - 2 scrolls of fear
 k - 2 scrolls of fog
 m - a scroll of recharging
 o - a scroll of vulnerability {unknown}
 x - a scroll of noise {unknown}
 y - a scroll of teleportation {unknown}
 A - a scroll of enchant armour {unknown}
Potions
 f - a potion of lignification
 j - a potion of cancellation {unknown}
 l - a potion of ambrosia
 q - 7 potions of curing
 u - a potion of magic {unknown}
 z - a potion of brilliance {unknown}
Comestibles
 c - 3 bread rations
 h - 2 meat rations
 C - a slice of pizza


   Skills:
 + Level 9.9 Fighting
 * Level 12.6 Maces & Flails
 - Level 2.6 Dodging


You had 8 spell levels left.
You didn't know any spells.

Dungeon Overview and Level Annotations

Branches:
Dungeon (7/15)             Temple (0/1) D:5

Altars:
Fedhas
Pakellas
Xom


Innate Abilities, Weirdness & Mutations

You are too large for most types of armour.
You have tough skin (AC +1).
You have supernaturally acute eyesight.
You possess an exceptional clarity of mind.
Your muscles are very strong. (Str +4)


Message History

* * * LOW HITPOINT WARNING * * *
The hound completely misses you.
You sock Duvessa!
Duvessa is almost dead.
Duvessa hits you with a short sword.
* * * LOW HITPOINT WARNING * * *
The hound barely misses you.
You bludgeon Duvessa!!
You kill Duvessa!
Trog accepts your kill. The hound misses you.
You sock the hound!
The hound is moderately wounded.
You barely miss the hound.
The hound is moderately wounded.
The hound bites you but does no damage.
You closely miss the hound.
The hound is moderately wounded.
The hound bites you.
You die...

## ## #.###.#
##### ##
#.#.###......
.#
#.####...@).#
.###
#......###h##
.†.# ######.#
.# .#.## #.# .#
....# #.# .#
##..#########.#
.#
#............#
.#
##.###########
.# #.#


You could see a hound.

Vanquished Creatures
  Sigmund (D:3)
  The ghost of Thrillho the Firebug, an amateur GrFE (D:3)
  Duvessa (D:7)
  An ice beast (D:5)
  A sky beast (D:6)
  A necrophage (D:7)
  2 phantoms
  3 ogres
  A big kobold (D:6)
  2 giant frogs (D:6)
  Dowan (D:7)
  A scorpion (D:6)
  A giant frog zombie (D:5)
  A jelly (D:5)
  2 orc wizards
  A centaur skeleton (D:5)
  An iguana (D:6)
  Jessica (D:3)
  4 worker ants
  2 hound skeletons
  12 gnolls
  6 adders
  2 shadow imps
  An adder skeleton (D:4)
  2 worms
  3 dart slugs
  7 giant geckos
  11 orcs
  9 bats
  5 giant cockroaches
  4 goblins
  8 hobgoblins
  9 jackals
  A quokka (D:2)
  A ball python (D:2)
  4 giant newts
  14 kobolds
  6 rats
134 creatures vanquished.

Notes
Turn   | Place    | Note
--------------------------------------------------------------
     0 | D:1      | manyhoops the Ogre Berserker began the quest for the Orb.
     0 | D:1      | Reached XP level 1. HP: 24/24 MP: 1/1
    56 | D:1      | Reached XP level 2. HP: 5/33 MP: 2/2
   995 | D:1      | Reached ** piety under Trog
  1008 | D:1      | Reached XP level 3. HP: 30/41 MP: 3/3
  1277 | D:2      | Reached skill level 5 in Fighting
  1388 | D:2      | Reached skill level 5 in Maces & Flails
  1405 | D:2      | Found a blossoming altar of Fedhas.
  1558 | D:2      | Reached XP level 4. HP: 50/50 MP: 4/4
  2115 | D:3      | Found a shimmering altar of Xom.
  2248 | D:3      | Noticed Thrillho's ghost (amateur GrFE)
  2277 | D:3      | Killed Thrillho's ghost
  2277 | D:3      | Reached skill level 6 in Maces & Flails
  2277 | D:3      | Reached XP level 5. HP: 61/61 MP: 5/5
  2277 | D:3      | Reached XP level 6. HP: 68/68 MP: 6/6
  2435 | D:3      | Reached skill level 7 in Maces & Flails
  2437 | D:3      | Noticed Sigmund
  2453 | D:3      | Killed Sigmund
  2459 | D:3      | Reached *** piety under Trog
  2552 | D:3      | Reached skill level 8 in Maces & Flails
  2599 | D:3      | Noticed Jessica
  2606 | D:3      | Killed Jessica
  2606 | D:3      | Reached XP level 7. HP: 46/78 MP: 7/7
  3369 | D:3      | Found an oddly glowing altar of Pakellas.
  3798 | D:4      | Reached skill level 9 in Maces & Flails
  4117 | D:4      | Gained mutation: You possess an exceptional clarity of mind. [potion of mutation]
  4117 | D:4      | Gained mutation: You have supernaturally acute eyesight. [potion of mutation]
  4117 | D:4      | Gained mutation: Your muscles are strong. (Str +2) [potion of mutation]
  4118 | D:4      | Gained mutation: Your muscles are very strong. (Str +4) [potion of beneficial mutation]
  4137 | D:4      | Reached **** piety under Trog
  4333 | D:5      | Entered Level 5 of the Dungeon
  4399 | D:5      | Reached skill level 10 in Maces & Flails
  4399 | D:5      | Reached XP level 8. HP: 88/88 MP: 8/8
  4866 | D:5      | Found a staircase to the Ecumenical Temple.
  5265 | D:6      | Reached skill level 11 in Maces & Flails
  5274 | D:6      | Received a gift from Trog
  6121 | D:6      | Reached skill level 12 in Maces & Flails
  6121 | D:6      | Reached XP level 9. HP: 86/100 MP: 9/9
  6372 | D:7      | Noticed Dowan
  6373 | D:7      | Noticed Duvessa
  6378 | D:7      | Killed Dowan
  6391 | D:7      | HP: 3/151 [Duvessa/short sword (18)]
  6393 | D:7      | Killed Duvessa
  6396 | D:7      | Slain by a hound

Skill      XL: |  1  2  3  4  5  6  7  8 |
---------------+-------------------------+-----
Fighting       | 5 6 7 8 9 |  9.9
Maces & Flails | 5 6 8 10 12 | 12.6
Dodging        | |  2.6

Action                   |  1- 3 |  4- 6 |  7- 9 || total
-------------------------+-------+-------+-------++-------
Melee: Mace              |   114 |   108 |    67 ||   289
       Flail             |       |       |   224 ||   224
Invok: Berserk           |     2 |     1 |     6 ||     9
  Use: Scroll            |       |     3 |     7 ||    10
       Potion            |       |       |     3 ||     3
 Stab: Sleeping          |       |     1 |       ||     1
  Eat: Chunk             |     4 |     3 |    16 ||    23
       Beef jerky        |       |     1 |       ||     1
       Pizza             |       |       |     1 ||     1
Armor: Animal skin       |    45 |    56 |    65 ||   166
Dodge: Dodged            |    94 |    74 |   155 ||   323
Block: Other             |       |       |    27 ||    27
       Reflection        |       |       |     1 ||     1
